 Dungeon Crawl Stone Soup version 0.24-a0-201-gf205589 (webtiles) character file.

Game seed: 5469264167044180

19 Lanoc the Skirmisher (level 2, -1/19 HPs)
             Began as a Gargoyle Monk on Mar 21, 2019.
             Slain by a gnoll
             ... wielding a +0 club
              (4 damage)
             ... on level 1 of the Dungeon.
             The game lasted 00:01:29 (513 turns).

Lanoc the Skirmisher (Gargoyle Monk)                 Turns: 513, Time: 00:01:30

Health: -1/19      AC:  4    Str: 14    XL:     2   Next: 75%
Magic:  2/2        EV: 13    Int: 10    God:
Gold:   58         SH:  0    Dex: 12    Spells: 1/1 levels left

rFire    . . .     SeeInvis .   a - +0 mace
rCold    . . .     Gourm    .   (no shield)
rNeg     + . .     Faith    .   b - +0 robe
rPois    ∞         Spirit   .   (no helmet)
rElec    +         Reflect  .   (no cloak)
rCorr    .         Harm     .   (no gloves)
MR       +....                  (no boots)
Stlth    ++........             (no amulet)
HPRegen  0.06/turn              j - ring of protection from magic
MPRegen  0.08/turn              (no ring)

@: no status effects
A: negative energy resistance 1, electricity resistance, unbreathing,
petrification resistance, rot immunity, AC +2
a: no special abilities


You were on level 1 of the Dungeon.
You were not hungry.

You visited 1 branch of the dungeon, and saw 2 of its levels.

You collected 58 gold pieces.

Inventory:

Hand Weapons
 a - a +0 mace (weapon)
Armour
 b - a +0 robe (worn)
Jewellery
 j - a ring of protection from magic (left hand)
Scrolls
 f - a scroll of teleportation {unknown}
 h - 2 scrolls of amnesia {unknown}
Potions
 d - a potion of degeneration {unknown}
 e - a potion of lignification {unknown}
 g - a potion of flight {unknown}
 i - a potion of haste {unknown}
Comestibles
 c - 4 rations


   Skills:
 + Level 3.5 Fighting
 * Level 3.3 Maces & Flails
 + Level 0.9 Armour
 + Level 2.6 Dodging
 - Level 2.1 Stealth


You had one spell level left.
You didn't know any spells.
Your spell library was empty.

Dungeon Overview and Level Annotations

Branches:
Dungeon (2/15)

Altars:


Innate Abilities, Weirdness & Mutations

You are resistant to torment.
Your stone body is resilient. (AC +2)
You are immune to poison.
You resist negative energy. (rN+)
You are resistant to electric shocks. (rElec)
You can survive without breathing.
You are immune to petrification.
You are immune to rotting.


Message History

The gnoll is severely wounded.
The gnoll shouts!
You hear a shout!
The gnoll hits you from afar with a +1 vampiric spear!
The gnoll misses you.
You barely miss the gnoll.
The gnoll is severely wounded.
The gnoll hits you from afar with a +1 vampiric spear.
The gnoll closely misses you. The gnoll hits you with a +0 club.
You see here a hobgoblin corpse.
Things that are here:
a +0 club; a kobold corpse
There is a stone staircase leading up here.
The gnoll hits you with a +0 club!
* * * LOW HITPOINT WARNING * * *
You climb upwards.
There is a stone staircase leading down here.
You closely miss the gnoll.
The gnoll is heavily wounded.
The gnoll hits you with a +0 club.
You die...

##.#####. #####.#
#.##.# ##.# #.#
#)##.# ...#
##...##.##.#
#..####..
##..#..#.##.#
#........ ..#
#...##.## #..###.#.
.$#..####..# #.##
... ##.# #.#
#.#######.# #.#
#@......#.# #[# ##
#.g####.#.#####.#
#.####.... ###..#
#..#†.....#
#......#
#....######.#######
.......#
#.#.........#
.#####.#
#......######## ##
.. #.....## #
####.## ...


You could see a gnoll.

Vanquished Creatures
  A giant cockroach (D:1)
  A goblin (D:1)
  3 hobgoblins
  2 jackals (D:1)
  5 bats
  2 frilled lizards
  3 kobolds
  A rat (D:1)
18 creatures vanquished.

Notes
Turn   | Place    | Note
-------+----------+-------------------------------------------
     0 | D:1      | Lanoc the Gargoyle Monk began the quest for the Orb.
     0 | D:1      | Reached XP level 1. HP: 14/14 MP: 1/1
   187 | D:1      | Reached XP level 2. HP: 11/19 MP: 2/2
   513 | D:1      | Slain by a gnoll

Levels and vault maps discovered:
D:1:      eino_arrival_tree_alley, layout_loops_ring
D:2:      layout_loops_ring, nicolae_gozag_cash_rules_everything_around_me,
          kiku_gazebo_pond_becter, uniq_crazy_yiuf_cottage, uniq_jessica

Action                   || total
-------------------------++-------
Melee: Mace              ||    55
 Stab: Sleeping          ||     2
Armor: Robe              ||    25
Dodge: Dodged            ||    44

Table legend:
 A = Non-vault XP
 B = Vault XP
 C = Vault XP percentage of total XP
 D = Non-vault monster count
 E = Vault monster count
 F = Vault count percentage of total count
                 A         B        C        D         E       F
            +---------+---------+-------+---------+---------+-------
      Total |      28 |       0 |   0.0 |      18 |       0 |   0.0
            +---------+---------+-------+---------+---------+-------
        D:1 |      22 |       0 |   0.0 |      14 |       0 |   0.0
        D:2 |       6 |       0 |   0.0 |       4 |       0 |   0.0
            +---------+---------+-------+---------+---------+-------
